Map: Dusk Towers

Players

Miszu - Winner!

  • Race: Terran Terran
  • League: Master

Silvano

  • Race: Protoss Protoss
  • League: Master

VOD

Have the link to the VOD?

Description

Time

  • Played on: April 17, 2016, 3:21 p.m.
  • Length: 8:44
Show
View Real Time Build Order
Export as new Build Order

Miszu Terran - Winner!

Build Orders: Command Center First (CC), MMM Bio 

Get SALT Encoding   

  12  0:00  SCV  
  13  0:12  SCV  
  14  0:17  Supply Depot  
  14  0:25  SCV  
  15  0:39  SCV  
  16  0:51  SCV  
  17  0:59  Command Center  
  17  1:04  SCV  
  18  1:16  Barracks, SCV  
  19  1:28  SCV  
  19  1:30  Barracks  
  20  1:41  SCV  
  20  1:42  Barracks  
  21  1:53  SCV  
  22  2:06  Orbital Command  
  22  2:07  Marine  
  23  2:11  Orbital Command  
  23  2:17  Marine  
  24  2:26  Marine  
  25  2:32  SCV  
  25  2:33  Marine  
  25  2:35  Marine  
  28  2:37  SCV  
  28  2:44  Marine, Refinery, SCV  
  29  2:45  Refinery  
  29  2:49  SCV  
  29  2:51  Marine  
  33  2:53  Supply Depot  
  33  2:54  Marine  
  33  2:56  SCV  
  35  3:01  SCV  
  35  3:02  Marine  
  37  3:08  SCV  
  37  3:09  Supply Depot  
  38  3:15  Marine, Barracks Tech Lab, SCV  
  40  3:20  Marine, SCV  
  42  3:27  SCV  
  42  3:32  SCV  
  42  3:33  Marine  
  45  3:34  Marine, Stimpack  
  45  3:36  Supply Depot  
  45  3:38  Marine  
  45  3:39  SCV  
  48  3:44  SCV  
  49  3:48  Refinery  
  49  3:51  SCV  
  49  3:52  Marine  
  52  3:56  SCV  
  52  3:59  Factory  
  52  4:00  Barracks Tech Lab  
  52  4:03  SCV  
  52  4:07  Barracks  
  52  4:09  Barracks, SCV  
  54  4:10  Engineering Bay, Marine  
  54  4:14  Barracks Reactor  
  54  4:16  SCV  
  56  4:20  Supply Depot  
  56  4:21  Marine, SCV  
  56  4:22  Supply Depot  
  58  4:28  SCV, Combat Shields  
  59  4:33  SCV  
  59  4:36  Refinery  
  60  4:38  Terran Infantry Weapons Level 1  
  60  4:40  SCV  
  60  4:42  Marauder  
  60  4:45  SCV  
  64  4:47  Supply Depot  
  64  4:50  Starport  
  64  4:51  Marine  
  64  4:52  Marine, SCV  
  66  4:53  Marine  
  66  4:56  Factory Reactor  
  69  5:04  Barracks Reactor, Barracks Tech Lab  
  69  5:05  Marine  
  69  5:09  Marine  
  69  5:10  Marine  
  69  5:11  Marauder  
  69  5:12  Supply Depot  
  73  5:18  Supply Depot  
  73  5:23  Marauder  
  73  5:24  Marauder  
  77  5:30  SCV x2  
  79  5:35  Medivac  
  79  5:36  Medivac  
  79  5:37  Marine, Marauder  
  79  5:38  Marine  
  79  5:39  Factory Reactor  
  79  5:41  Supply Depot  
  89  5:50  Marauder x2  
  89  5:55  Marine  
  89  5:56  Concussive Shells  
  92  5:57  Marine  
  92  5:58  Marine x2  
  92  5:59  Marauder  
  92  6:04  Command Center  
  97  6:06  Supply Depot  
  99  6:11  Marauder  
  99  6:15  Marauder  
  97  6:26  Marine x4, Marauder  
  97  6:28  Widow Mine  
  97  6:30  Widow Mine  
  97  6:31  Medivac  
  97  6:32  Marine, Medivac  
  112  6:42  Marauder  
  112  6:44  Marine  
  112  6:47  Supply Depot x2  
  115  6:48  Marauder  
  117  7:03  Marine  
  117  7:08  Medivac x2, Marauder x2, Widow Mine x2  
  126  7:09  Marine x2  
  132  7:17  Orbital Command  
  132  7:18  SCV x2  
  132  7:21  Supply Depot  
  134  7:25  Supply Depot  
  134  7:26  Supply Depot  
  134  7:30  SCV  
  134  7:40  Marauder  
  136  7:45  Marine, Widow Mine  
  136  7:46  Medivac, Marauder, Widow Mine  
  145  7:59  Marauder  
  145  8:02  Marine x3, Marauder  
  145  8:03  Marine  
  148  8:07  Marauder  
  149  8:14  Widow Mine x2  
  149  8:19  Marine  
  153  8:21  Marauder  
  153  8:25  Marine  
Show
View Real Time Build Order
Export as new Build Order

Silvano Protoss 

Build Orders: 1 Gate Expand, Blink Stalkers 

Get SALT Encoding   

  12  0:01  Probe (Chrono Boost)  
  13  0:11  Probe (Chrono Boost)  
  14  0:18  Pylon  
  14  0:22  Probe (Chrono Boost)  
  15  0:36  Gateway, Probe (Chrono Boost)  
  16  0:46  Probe (Chrono Boost)  
  17  1:11  Nexus  
  17  1:24  Cybernetics Core  
  17  1:26  Probe (Chrono Boost)  
  17  1:30  Assimilator  
  18  1:36  Assimilator, Probe (Chrono Boost)  
  20  1:47  Probe (Chrono Boost)  
  20  1:57  Probe (Chrono Boost)  
  23  2:11  Pylon  
  23  2:13  Probe (Chrono Boost)  
  22  2:22  Warp Gate  
  22  2:23  Probe (Chrono Boost)  
  22  2:24  Probe (Chrono Boost)  
  26  2:34  Probe x2 (Chrono Boost)  
  28  2:45  Mothership Core (Chrono Boost)  
  28  2:47  Probe (Chrono Boost)  
  28  2:49  Stalker  
  31  2:57  Probe (Chrono Boost)  
  32  3:03  Probe (Chrono Boost)  
  33  3:06  Twilight Council  
  33  3:08  Probe (Chrono Boost)  
  34  3:14  Probe (Chrono Boost)  
  34  3:17  Nexus  
  34  3:18  Probe (Chrono Boost)  
  36  3:20  Pylon  
  36  3:24  Probe (Chrono Boost)  
  37  3:29  Probe (Chrono Boost)  
  38  3:35  Probe (Chrono Boost)  
  38  3:38  Probe (Chrono Boost)  
  40  3:43  Blink (Chrono Boost)  
  40  3:45  Probe  
  40  3:48  Probe  
  41  3:55  Gateway  
  42  3:56  Gateway  
  42  3:58  Probe x2  
  42  3:59  Pylon  
  44  4:09  Robotics Facility, Probe  
  44  4:10  Probe  
  44  4:14  Assimilator  
  44  4:16  Assimilator  
  46  4:19  Pylon  
  46  4:20  Probe  
  47  4:27  Stalker, Probe  
  47  4:29  Probe  
  47  4:30  Probe  
  51  4:37  Pylon  
  51  4:38  Probe  
  52  4:41  Probe x2  
  55  4:48  Probe  
  56  4:53  Probe  
  56  4:55  Stalker x3, Probe  
  56  4:58  Observer (Chrono Boost)  
  56  4:59  Probe  
  65  5:05  Probe  
  65  5:06  Probe  
  67  5:09  Forge, Probe  
  69  5:16  Probe  
  69  5:17  Probe  
  69  5:20  Probe  
  69  5:21  Stalker x3  
  77  5:27  Probe  
  77  5:28  Observer  
  79  5:29  Probe  
  79  5:35  Probe  
  81  5:38  Forge x2, Probe  
  81  5:41  Probe  
  85  5:50  Pylon, Stalker x2  
  85  5:51  Stalker  
  85  5:52  Pylon, Probe  
  85  5:53  Charge (Chrono Boost), Probe  
  92  6:00  Assimilator  
  92  6:05  Immortal  
  92  6:06  Protoss Ground Armor Level 1 (Chrono Boost), Assimilator  
  96  6:14  Stalker x3  
  96  6:16  Probe x2  
  104  6:30  Protoss Ground Weapons Level 1 (Chrono Boost)  
  104  6:34  Probe  
  104  6:39  Stalker x3  
  109  6:43  Pylon  
  109  6:48  Robotics Bay  
  109  6:56  Warp Prism  
  111  7:01  Robotics Facility, Pylon  
  111  7:03  Pylon, Zealot x2  
  111  7:04  Zealot  
  111  7:07  Pylon  
  117  7:19  Gateway  
  117  7:20  Gateway  
  117  7:22  Gateway, Photon Cannon  
  117  7:24  Pylon  
  117  7:25  Pylon, Zealot x3  
  123  7:31  Colossus  
  129  7:47  Sentry x2  
  129  7:48  Sentry  
  135  7:51  Pylon  
Tags
 
Add a new tag
Caveats
  • Supply blocks, unpowered buildings, or Contaminate may cause inaccurate times.
  • Supply counts are checked every 10 seconds.